cohdb
Replays
Latest Replays
All Replays
Popular Replays
Top Player Replays
Match Explorer
How It Works
Community
CoH3 Stats
Reddit
Sign in to upload your games and track your stats! →
Sign in with Steam
Match 38752670
Unlisted
Match 38752670
Overview
Messages
Build Orders
End
Construct Section Command Post
Royal Engineer Section
Infantry Section
Infantry Section
Vickers Machine Gun Team
Construct Field Infirmary
Selects Heavy Armor Battlegroup
Selects Engineer Detachments
Construct Platoon Command Post
Humber Armored Car
Royal Engineer Section
Grenade Package
Selects Crusader AA Medium Tank
Crusader AA Medium Tank
Infantry Section
Royal Engineer Section
Selects Light Vehicle Withdraw and Refit
Light Vehicle Withdraw and Refit
Construct Company Command Post
Selects Radio Net
6-pounder Anti-tank Gun Team
Matilda II Heavy Tank
Infantry Training
Foot Guards Section
Unlock M3 Grant Medium Tanks
Selects Recon Artillery
M3 Grant Medium Tank
M3 Grant Medium Tank
Armored Vehicle Training
Royal Engineer Section
M3 Grant Medium Tank
只愛❤毛妹
NectahVectah
0
0
Comments
sign in to comment!
No comments posted yet!